 Dungeon Sprint DCSS version 0.19.0-2-gae57169 (webtiles) character file.

69581 Groucho the Tortoise (level 14, -7/144 HPs)
             Began as a Deep Dwarf Fighter on Nov 4, 2016.
             Was the Champion of Makhleb.
             Killed from afar by Boris (12 damage)
             ... with a bolt of cold
             ... in the Dungeon (Sprint IX: "|||||||||||||||||||||||||||||").
             The game lasted 00:21:58 (6327 turns).

Groucho the Tortoise (Deep Dwarf Fighter)           Turns: 6327, Time: 00:21:59

Health: -7/144     AC: 24    Str: 27    XL:     14   Next: 90%
Magic:  22/22      EV: 22    Int:  9    God:    Makhleb [******]
Gold:   75         SH: 25    Dex: 16    Spells: 0 memorised, 13 levels left

rFire  + + .     SeeInvis .     N - +6 scimitar of Flaming Death {sticky flame, rPois rF++ rC- MR+}
rCold  + . .     Gourm    .     R - +3 scale mail of Elitism {rC+}
rNeg   + . .     Faith    .     t - +3 large shield
rPois  +         Spirit   .     B - +0 helmet
rElec  .         Reflect  .     S - +0 cloak {+Inv}
rCorr  .         Harm     .     a - +1 pair of gloves
MR     +++..     NoTele   +     b - +1 pair of boots
Stlth  ..........               (no amulet)
                                T - +6 ring of strength
                                D - ring of protection from cold

@: non-regenerating
A: damage resistance, recharge devices, negative energy resistance 1, sense
surroundings 2, slow regeneration 3
a: Device Recharging, Minor Destruction, Lesser Servant of Makhleb, Major
Destruction, Greater Servant of Makhleb, Renounce Religion, Evoke Invisibility


You were in the Dungeon.
You worshipped Makhleb.
Makhleb was exalted by your worship.
You were not hungry.

You visited 1 branch You collected 1911 gold pieces.
You spent 1836 gold pieces at shops.

Inventory:

Hand Weapons
 q - a +2 scimitar of holy wrath
 L - a +2 triple sword of holy wrath
 N - the +6 scimitar of Flaming Death (weapon) {sticky flame, rPois rF++ rC- MR+}
   (You found it in the Dungeon)

   It has been specially enchanted to burn those struck by it, causing extra
   injury to most foes and up to half again as much damage against particularly
   susceptible opponents.
   Big, fiery blades are also staple armaments of hydra-hunters.
   It greatly protects you from fire.
   It makes you vulnerable to cold.
   It protects you from poison.
   It affects your resistance to hostile enchantments.
Missiles
 n - 23 stones (quivered)
Armour
 a - a +1 pair of gloves (worn)
 b - a +1 pair of boots (worn)
 t - a +3 large shield (worn)
 B - a +0 helmet (worn)
 P - a +2 plate armour
 Q - a +3 chain mail
 R - the +3 scale mail of Elitism (worn) {rC+}
   (You found it in the Dungeon)

   It protects you from cold.
 S - a +0 cloak of invisibility (worn)
Jewellery
 r - a +6 ring of dexterity
 D - a ring of protection from cold (left hand)
 T - a +6 ring of strength (right hand)
Wands
 e - a wand of heal wounds (7/9)
 p - a wand of lightning (0/15)
Scrolls
 l - a scroll of blinking
 m - 9 scrolls of remove curse
 o - 2 scrolls of amnesia
 s - 4 scrolls of enchant weapon
 v - 9 scrolls of enchant armour
 w - 2 scrolls of identify
 x - 4 scrolls of recharging
 C - a scroll of magic mapping
 E - 3 scrolls of fog
 F - a scroll of summoning
 G - 2 scrolls of fear
Potions
 d - 3 potions of might
 g - 8 potions of curing
 h - 9 potions of haste
 i - 4 potions of berserk rage
 j - 4 potions of magic
 k - a potion of cure mutation
 u - 2 potions of flight
 I - 3 potions of heal wounds
 K - a potion of cancellation
 M - a potion of agility
 O - a potion of brilliance
Comestibles
 f - 36 fruits
 z - 11 bread rations
 A - 11 meat rations


   Skills:
 + Level 14.1 Fighting
 + Level 17.1 Long Blades
 * Level 20.2 Armour
 * Level 18.5 Dodging
 * Level 16.4 Shields
 + Level 18.8 Invocations
 + Level 18.7 Evocations


You had 13 spell levels left.
You didn't know any spells.

Dungeon Overview and Level Annotations

Branches:
Dungeon (1/1)

Altars:
Cheibriados
Dithmenos
Elyvilon
Fedhas
Gozag
Hepliaklqana
Kikubaaqudgha
Makhleb
Nemelex Xobeh
Okawaru
Qazlal
Ru
Sif Muna
Trog
Uskayaw
Vehumet
Xom
Yredelemnul
Zin
The Shining One
Beogh
Jiyva
Lugonu

Shops:
D ???!

Annotations:
D Boris, Sonja


Innate Abilities, Weirdness & Mutations

You are resistant to damage.
You can recharge devices by infusing magical energy.
You resist negative energy. (rN+)
You passively map the area around you.
You do not regenerate.


Message History

Something touches you but does no damage.
You slice something!! You burn something! You hit something but do no damage.
Something hits you but does no damage. You block something's attack.
You hit something but do no damage. Something barely misses you.
Something touches you but does no damage.
You hit something. You burn something.
You hear some strange, mumbled words.
An iron shot appears from out of thin air!
The iron shot hits you!
Ouch! That really hurt!
* * * LOW HITPOINT WARNING * * *
You barely miss something. You hit something but do no damage.
Something misses you. You block something's attack.
You miss something.
You hear some strange, mumbled words.
A bolt of cold appears from out of thin air!
The bolt of cold hits you! You resist.
You die...

, * + ,*
▓.▓.▓.▓.▓.▓.▓.▓.▓.
, , ,*
▓.▓.▓.▓.▓)▓.▓.▓.▓.
* , *
▓.▓.▓.▓.▓.▓.▓.▓.▓.
*
,▓.▓.▓.▓'▓.▓.▓.▓'▓.
,▓(▓'▓.▓.▓.▓.▓.▓.▓.
*,
▓)▓.▓.▓.▓.▓.▓.▓.▓.
*, * *
▓(▓.▓.▓.▓.▓'▓.▓.▓.
, , + ,
▓.▓.▓.▓.▓.▓.▓.▓)▓.
+ , ,*,*
,▓@▓.▓.▓)▓.▓.▓.▓.▓.
*
▓{▓.▓.▓÷▓.▓.▓.▓(▓.
*, *
▓.▓.▓.▓.▓.▓.▓.▓.▓.
, * *
▓.▓.▓.▓(▓.▓.▓.▓(▓.
* * * *
▓.▓.▓.▓.▓.▓.▓.▓.▓.
,* ,
♣.▓.▓.▓(▓.▓.▓.▓)▓.
* *
♣.▓.▓.▓.▓.▓.▓.▓(▓.
, , * *
♣.▓.▓.▓(▓.▓†▓.▓(▓.
*, ,
▓.▓.▓.▓.▓+▓.▓)▓.


There were no monsters in sight!

Vanquished Creatures
  Frederick (D)
  Nikola (D)
  Rupert (D)
  A shadow dragon (D)
  A sphinx (D)
  A storm dragon (D)
  2 vault wardens (D)
  4 stone giants (D)
  Nessos (D)
  An entropy weaver (D)
  Azrael (D)
  4 ettins (D)
  3 spark wasps (D)
  2 fire dragons (D)
  A naga warrior (D)
  5 great orbs of eyes (D)
  A rakshasa (D)
  3 centaur warriors (D)
  A satyr (D)
  7 ogre magi (D)
  A tengu warrior (D)
  An alligator (D)
  An anaconda (D)
  A deep troll shaman (D)
  A death yak (D)
  A shock serpent (D)
  A naga sharpshooter (D)
  A spriggan (D)
  A deep elf knight (D)
  2 glowing orange brains (D)
  2 sea snakes (D)
  A deep elf archer (D)
  A wizard (D)
  A hill giant (D)
  A spriggan druid (D)
  2 unseen horrors (D)
  3 orc knights (D)
  A harpy (shapeshifter) (D)
  A deep elf mage (D)
  A wolf spider (D)
  2 orc sorcerers (D)
  An ugly thing (D)
  A salamander (D)
  3 manticores (D)
  A manticore (shapeshifter) (D)
  2 moths of wrath (D)
  4 slime creatures (D)
  2 sirens (D)
  A vault sentinel (D)
  A naga mage (D)
  Psyche (D)
  A guardian serpent (D)
  3 black mambas (D)
  A spiny frog (D)
  3 komodo dragons (D)
  2 demonic crawlers (D)
  A yaktaur (D)
  A troll (D)
  A hornet (D)
  A merfolk (D)
  2 two-headed ogres (D)
  A blink frog (D)
  A shadow (D)
  A wyvern (D)
  4 redbacks (D)
  3 fire elementals (D)
  3 yaks (D)
  A warg (D)
  2 water moccasins (D)
  2 porcupines (D)
  3 hell hounds (D)
  12 orc warriors (D)
  A black bear (D)
  2 boggarts (D)
  6 wolves (D)
  6 ogres (D)
  A centaur (D)
  4 bullfrogs (D)
  2 killer bees (D)
  3 crimson imps (D)
  A hound (D)
  A jelly (D)
  4 orc priests (D)
  2 orc wizards (D)
  2 shadow imps (D)
  An adder zombie (D)
  6 orcs (D)
  A ball python (D)
  A bat (D)
  A bat zombie (D)
  2 giant cockroaches (D)
  2 kobolds (D)
  A quokka (D)
185 creatures vanquished.

Vanquished Creatures (others)
  A black mamba (D)
  An insubstantial wisp (D)
  An orc warrior (D)
  A swamp drake (D)
4 creatures vanquished.

Grand Total: 189 creatures vanquished

Notes
Turn   | Place    | Note
-------+----------+-------------------------------------------
     0 | D        | Groucho the Deep Dwarf Fighter began the quest for the Orb.
     0 | D        | Reached XP level 1. HP: 20/20 MP: 1/1
    12 | D        | Reached skill level 1 in Evocations
    36 | D        | Noticed a crimson imp
    36 | D        | Noticed an orc wizard
    49 | D        | Reached XP level 2. HP: 25/28 MP: 3/3
    54 | D        | Reached skill level 4 in Armour
    73 | D        | Reached XP level 3. HP: 29/36 MP: 3/5
    81 | D        | Reached skill level 5 in Armour
    81 | D        | Reached skill level 5 in Shields
    81 | D        | Reached XP level 4. HP: 36/44 MP: 3/7
   350 | D        | Found a roughly hewn altar of Beogh.
   350 | D        | Found a snail-covered altar of Cheibriados.
   350 | D        | Found a shadowy altar of Dithmenos.
   350 | D        | Found a white marble altar of Elyvilon.
   350 | D        | Found a blossoming altar of Fedhas.
   350 | D        | Found an opulent altar of Gozag.
   351 | D        | Found a hazy altar of Hepliaklqana.
   352 | D        | Found a viscous altar of Jiyva.
   353 | D        | Found an ancient bone altar of Kikubaaqudgha.
   354 | D        | Found a corrupted altar of Lugonu.
   355 | D        | Found a burning altar of Makhleb.
   356 | D        | Found a sparkling altar of Nemelex Xobeh.
   357 | D        | Found an iron altar of Okawaru.
   358 | D        | Found a stormy altar of Qazlal.
   359 | D        | Found a sacrificial altar of Ru.
   360 | D        | Found a deep blue altar of Sif Muna.
   361 | D        | Found a bloodstained altar of Trog.
   362 | D        | Found a hide-covered altar of Uskayaw.
   363 | D        | Became a worshipper of Makhleb the Destroyer
   364 | D        | Found a radiant altar of Vehumet.
   365 | D        | Found a shimmering altar of Xom.
   366 | D        | Found a basalt altar of Yredelemnul.
   367 | D        | Found a glowing silver altar of Zin.
   368 | D        | Found a glowing golden altar of the Shining One.
   422 | D        | Noticed a two-headed ogre
   422 | D        | Noticed a centaur
   422 | D        | Noticed an orc warrior
   434 | D        | Killed an orc warrior
   434 | D        | Reached skill level 5 in Evocations
   439 | D        | Killed a centaur
   439 | D        | Reached skill level 5 in Fighting
   439 | D        | Reached skill level 5 in Long Blades
   439 | D        | Reached skill level 6 in Armour
   439 | D        | Reached XP level 5. HP: 20/52 MP: 7/9
   448 | D        | Killed a two-headed ogre
   448 | D        | Reached skill level 7 in Armour
   448 | D        | Reached XP level 6. HP: 40/63 MP: 8/12
   450 | D        | Reached * piety under Makhleb
   686 | D        | Noticed a deep elf mage
   686 | D        | Noticed a wyvern
   686 | D        | Noticed an orc warrior
   691 | D        | Reached ** piety under Makhleb
   691 | D        | Reached skill level 8 in Armour
   713 | D        | Killed a deep elf mage
   713 | D        | Reached skill level 9 in Armour
   713 | D        | Reached XP level 7. HP: 31/72 MP: 12/14
   715 | D        | Reached skill level 10 in Evocations
   719 | D        | Reached XP level 8. HP: 38/81 MP: 12/15
   723 | D        | Reached *** piety under Makhleb
   730 | D        | HP: 2/81 [something (4)]
   738 | D        | Killed an unseen horror
   738 | D        | Reached skill level 10 in Armour
   738 | D        | Reached skill level 10 in Shields
   849 | D        | Noticed a blink frog
   849 | D        | Noticed a komodo dragon
   853 | D        | Noticed a black mamba
   868 | D        | Killed a komodo dragon
   868 | D        | Reached skill level 1 in Invocations
   885 | D        | Killed a blink frog
   885 | D        | Gained mutation: You passively map the area around you. [Deep Dwarf growth]
   885 | D        | Reached XP level 9. HP: 46/90 MP: 17/17
   888 | D        | Reached **** piety under Makhleb
   905 | D        | Reached skill level 11 in Armour
   919 | D        | Killed a black mamba
   919 | D        | Reached ***** piety under Makhleb
   919 | D        | Reached skill level 10 in Long Blades
   928 | D        | Reached skill level 5 in Dodging
  1067 | D        | Noticed a black mamba
  1067 | D        | Noticed a spiny frog
  1067 | D        | Noticed a komodo dragon
  1072 | D        | Noticed a death yak
  1089 | D        | Killed a komodo dragon
  1104 | D        | Killed a death yak
  1104 | D        | Reached skill level 5 in Invocations
  1108 | D        | Noticed a komodo dragon
  1108 | D        | Reached XP level 10. HP: 87/99 MP: 18/18
  1111 | D        | Killed a spiny frog
  1111 | D        | Reached skill level 12 in Armour
  1132 | D        | Killed a black mamba
  1445 | D        | Reached ****** piety under Makhleb
  1761 | D        | Noticed Psyche
  1820 | D        | Killed Psyche
  2325 | D        | Noticed an orc sorcerer
  2326 | D        | Reached skill level 10 in Fighting
  2361 | D        | Killed an orc sorcerer
  2380 | D        | Reached skill level 13 in Armour
  2630 | D        | Noticed an orc knight
  2632 | D        | Noticed an orc sorcerer
  2633 | D        | Killed an orc sorcerer
  2633 | D        | Reached XP level 11. HP: 95/109 MP: 17/19
  2660 | D        | Killed an orc knight
  3133 | D        | Found Xeneu's Distillery.
  3133 | D        | Noticed an ogre mage
  3138 | D        | Noticed an ogre mage
  3138 | D        | Killed an ogre mage
  3138 | D        | Reached skill level 10 in Dodging
  3155 | D        | Killed an ogre mage
  3156 | D        | Found Totat's Magic Scroll Shop.
  3167 | D        | Found Fuzxiph's Magic Scroll Boutique.
  3375 | D        | Found Eroh Leo's Magic Scroll Shop.
  3377 | D        | Noticed an ogre mage
  3378 | D        | Noticed an ogre mage
  3382 | D        | Noticed an ogre mage
  3384 | D        | Noticed an ogre mage
  3389 | D        | Killed an ogre mage
  3389 | D        | Reached skill level 14 in Armour
  3394 | D        | Killed an ogre mage
  3402 | D        | Killed an ogre mage
  3415 | D        | Killed an ogre mage
  3462 | D        | Bought a scroll of enchant armour for 90 gold pieces
  3462 | D        | Bought a scroll of enchant armour for 90 gold pieces
  3462 | D        | Bought a scroll of enchant weapon for 90 gold pieces
  3462 | D        | Bought a scroll of enchant armour for 90 gold pieces
  3462 | D        | Bought a scroll of recharging for 114 gold pieces
  3466 | D        | Bought a scroll of enchant weapon for 97 gold pieces
  3466 | D        | Bought a scroll of enchant weapon for 97 gold pieces
  3466 | D        | Bought a scroll of enchant armour for 97 gold pieces
  3466 | D        | Bought a scroll of enchant weapon for 97 gold pieces
  3466 | D        | Bought a scroll of enchant armour for 97 gold pieces
  3472 | D        | Bought a scroll of magic mapping for 49 gold pieces
  3472 | D        | Bought a scroll of random uselessness for 14 gold pieces
  3474 | D        | Bought a scroll of fog for 24 gold pieces
  3478 | D        | Bought a scroll of summoning for 123 gold pieces
  3478 | D        | Bought a scroll of fear for 45 gold pieces
  3478 | D        | Bought a scroll of immolation for 45 gold pieces
  3482 | D        | Bought a potion of heal wounds for 55 gold pieces
  3482 | D        | Bought a potion of mutation for 27 gold pieces
  3482 | D        | Bought a potion of heal wounds for 55 gold pieces
  3482 | D        | Bought a potion of cancellation for 88 gold pieces
  3482 | D        | Bought a potion of lignification for 33 gold pieces
  3482 | D        | Bought a potion of haste for 110 gold pieces
  3482 | D        | Bought a potion of agility for 44 gold pieces
  3482 | D        | Bought a potion of heal wounds for 55 gold pieces
  3482 | D        | Bought a potion of degeneration for 11 gold pieces
  3482 | D        | Bought a potion of brilliance for 44 gold pieces
  3482 | D        | Bought a potion of heal wounds for 55 gold pieces
  3534 | D        | Noticed Sonja
  3639 | D        | Got the +3 scale mail of Elitism {rC+}
  3921 | D        | Noticed an ettin
  3926 | D        | Noticed a fire dragon
  3930 | D        | Noticed a tengu warrior
  3935 | D        | Killed an unseen horror
  3940 | D        | Noticed a glowing orange brain
  3940 | D        | Killed an ettin
  3940 | D        | Reached skill level 10 in Invocations
  3950 | D        | Killed a fire dragon
  3950 | D        | Reached XP level 12. HP: 109/120 MP: 19/19
  3951 | D        | Noticed a stone giant
  3954 | D        | Noticed a centaur warrior
  3955 | D        | Killed a tengu warrior
  3955 | D        | Reached skill level 15 in Armour
  3978 | D        | Killed a stone giant
  3985 | D        | Killed a centaur warrior
  3985 | D        | Reached skill level 15 in Evocations
  4050 | D        | Noticed a centaur warrior
  4058 | D        | Killed a centaur warrior
  4095 | D        | Noticed Azrael
  4121 | D        | Killed Azrael
  4190 | D        | Noticed an anaconda
  4192 | D        | Noticed a naga warrior
  4220 | D        | Reached skill level 16 in Armour
  4236 | D        | Killed a naga warrior
  4238 | D        | Killed an anaconda
  4254 | D        | Reached skill level 15 in Long Blades
  4267 | D        | Noticed an alligator
  4292 | D        | Killed an alligator
  4310 | D        | Noticed a satyr
  4313 | D        | Reached XP level 13. HP: 93/128 MP: 21/21
  4534 | D        | Reached skill level 17 in Armour
  4550 | D        | Noticed a spark wasp
  4550 | D        | Noticed a spark wasp
  4557 | D        | Noticed an entropy weaver
  4560 | D        | Killed a spark wasp
  4581 | D        | Killed a spark wasp
  4581 | D        | Reached skill level 15 in Dodging
  4591 | D        | Killed an entropy weaver
  4772 | D        | Noticed Rupert
  4782 | D        | Killed Rupert
  4860 | D        | Noticed a stone giant
  4860 | D        | Noticed a fire dragon
  4860 | D        | Noticed an ettin
  4860 | D        | Noticed a stone giant
  4860 | D        | Noticed an ettin
  4868 | D        | Killed a stone giant
  4871 | D        | Killed an ettin
  4879 | D        | Killed an ettin
  4893 | D        | Noticed a shadow dragon
  4895 | D        | Killed a fire dragon
  4902 | D        | Killed a stone giant
  4902 | D        | Reached skill level 18 in Armour
  4902 | D        | Reached skill level 15 in Invocations
  4903 | D        | Noticed a sphinx
  4912 | D        | Noticed an ettin
  4935 | D        | Killed a shadow dragon
  4935 | D        | Reached skill level 15 in Shields
  4954 | D        | Killed a sphinx
  4960 | D        | Killed an ettin
  4960 | D        | Gained mutation: You resist negative energy. (rN+) [Deep Dwarf growth]
  4960 | D        | Reached XP level 14. HP: 81/141 MP: 23/23
  5216 | D        | Noticed a vault warden
  5251 | D        | Killed a vault warden
  5261 | D        | Reached skill level 19 in Armour
  5263 | D        | Noticed a storm dragon
  5272 | D        | Noticed a storm dragon
  5289 | D        | Noticed a vault warden
  5290 | D        | Killed a storm dragon
  5320 | D        | Killed a vault warden
  5527 | D        | Noticed a stone giant
  5537 | D        | Killed a stone giant
  5814 | D        | Noticed Nikola
  5828 | D        | Killed Nikola
  5831 | D        | Got a pair of ichor-stained gloves
  5852 | D        | Identified the cursed -3 pair of gloves of the Sea {+Inv} (You took it off Nikola in the Dungeon)
  5876 | D        | Noticed Frederick
  5908 | D        | HP: 6/142 [spellforged servitor/iron shot[Frederick] (50)]
  5921 | D        | Killed Frederick
  5921 | D        | Reached skill level 20 in Armour
  6301 | D        | Noticed Nessos
  6310 | D        | Killed Nessos
  6311 | D        | Noticed Boris
  6324 | D        | HP: 5/144 [something/iron shot (73)]
  6327 | D        | Killed from afar by Boris

Skill      XL: |  1  2  3  4  5  6  7  8  9 10 11 12 13 14 |
---------------+-------------------------------------------+-----
Evocations     | 1 3 4 6 8 9 10 11 12 13 14 15 17 18 | 18.7
Fighting       | 3 4 5 6 7 8 9 10 11 13 14 | 14.1
Armour         | 4 5 6 7 9 10 11 13 14 16 18 20 | 20.2
Shields        | 4 5 6 7 9 10 11 12 13 15 16 | 16.4
Long Blades    | 3 4 5 6 8 9 10 12 13 15 16 17 | 17.1
Dodging        | 2 6 9 12 14 16 18 | 18.5
Invocations    | 2 5 7 10 12 15 18 | 18.8

Action                   |  1- 3 |  4- 6 |  7- 9 | 10-12 | 13-15 || total
-------------------------+-------+-------+-------+-------+-------++-------
Melee: Long sword        |    55 |       |       |       |       ||    55
       Scimitar          |       |    61 |   130 |   462 |   410 ||  1063
       Unarmed           |       |       |       |     2 |       ||     2
Invok: Major Destruction |       |       |       |    16 |    21 ||    37
       Minor Destruction |       |       |       |       |     2 ||     2
       Greater Servant o |       |       |       |       |     1 ||     1
 Abil: Device Recharging |       |       |     1 |     2 |     2 ||     5
Evoke: Wand              |       |     1 |     7 |    13 |     7 ||    28
  Use: Potion            |     1 |     4 |     1 |       |     3 ||     9
       Scroll            |       |       |       |     1 |     1 ||     2
 Stab: Invisible         |       |     3 |       |       |       ||     3
       Confused          |       |       |       |     1 |       ||     1
  Eat: Chunk             |       |       |     2 |       |       ||     2
       Fruit             |       |       |       |     4 |       ||     4
       Bread ration      |       |       |       |     2 |       ||     2
       Meat ration       |       |       |       |       |     1 ||     1
Armor: Scale mail        |    26 |       |       |    41 |    58 ||   125
       Ring mail         |       |    20 |    33 |    34 |       ||    87
Dodge: Dodged            |    12 |    26 |    42 |   167 |   146 ||   393
Block: Shield            |    18 |    35 |    65 |   204 |   164 ||   486
       Large shield      |       |       |       |       |    10 ||    10
       Rpst.: Long sword |     6 |       |       |       |       ||     6
       Scimitar          |       |     9 |    10 |    44 |    28 ||    91
